 Dungeon Crawl Stone Soup version 0.26-a0-652-gafc20e3620 (webtiles) character file.

Game seed: 13416328619939369699

107 strifetoe the Ruffian (level 4, -1/44 HPs)
             Began as a Troll Delver on Oct 2, 2020.
             Slain by a killer bee (7 damage)
             ... on level 8 of the Dungeon.
             The game lasted 00:00:27 (85 turns).

strifetoe the Ruffian (Troll Delver)                  Turns: 85, Time: 00:00:27

Health: -1/44      AC:  6    Str: 21    XL:     4   Next: 57%
Magic:  3/3        EV: 10    Int:  6    God:
Gold:   17         SH:  0    Dex: 11    Spells: 3/3 levels left

rFire    . . .     SeeInvis .     - Unarmed
rCold    . . .     Faith    .   (no shield)
rNeg     . . .     Spirit   .   a - +0 robe
rPois    .         Reflect  .   (helmet restricted)
rElec    .         Harm     .   (no cloak)
rCorr    .         Rampage  .   (gloves unavailable)
MR       .....                  (boots unavailable)
Stlth    ++........             (no amulet)
HPRegen  0.54/turn              (no ring)
MPRegen  0.08/turn              (no ring)

@: lethally poisoned (-1 -> -1), hasted, very quick
A: large, unfitting armour, claws 3, regeneration 1, shaggy fur 1, tough skin 3
a: no special abilities


You were on level 8 of the Dungeon.
You visited 1 branch of the dungeon, and saw 2 of its levels.

You collected 17 gold pieces.

Inventory:

Armour
 a - a +0 robe (worn)
Wands
 f - a wand of digging (3)
Scrolls
 b - a scroll of fog
 d - a scroll of fear


   Skills:
 - Level 2.4 Fighting
 - Level 1.5 Dodging
 - Level 2.7 Stealth
 + Level 4.9 Unarmed Combat


You had 3 spell levels left.
You didn't know any spells.
Your spell library was empty.

Dungeon Overview and Level Annotations

Branches:
Dungeon (5/15)               Lair (0/6) D:8
 Temple: D:4-7

Altars:


Innate Abilities, Weirdness & Mutations

You are too large for most types of armour.
You have claws for hands.
Your natural rate of healing is unusually fast.
You are covered in fur. (AC +1)
You have extremely tough skin. (AC +3)


Message History

You claw the killer bee!
You kill the killer bee!
You have reached level 4!
The killer bee stings you.
* * * LOW HITPOINT WARNING * * *
You miss the killer bee.
The killer bee stings you but does no damage.
You barely miss the killer bee.
You feel sick. The killer bee stings you.
* * * LOW HITPOINT WARNING * * *
You claw the killer bee!
The killer bee is severely wounded.
The killer bee stings you but does no damage.
Unknown command.
You miss the killer bee.
The killer bee is severely wounded.
The killer bee barely misses you.
You miss the killer bee.
The killer bee is severely wounded.
The killer bee stings you!
You die...

*,,,,,,,,,,**
*#..#**,,,,,*
*****##...##***,,,**
*,,,,#.....***,,,,,****
##,,,,.....,,,,,,,,,,,,,
#.,***#...******,,,,****
#.## #..** ****** #..##
#y#* ###.###@# ##.)..#
###.## ###


You could see a killer bee.

Vanquished Creatures
  2 killer bees (D:8)
  An adder (D:5)
  A white imp (D:8)
4 creatures vanquished.

Notes
Turn   | Place    | Note
-------+----------+-------------------------------------------
     0 | D:5      | strifetoe the Troll Delver began the quest for the Orb.
     0 | D:5      | Reached XP level 1. HP: 22/22 MP: 0/0
    45 | D:5      | Reached XP level 2. HP: 29/29 MP: 1/1
    53 | D:5      | You fall into a shaft and drop 3 floors!
    57 | D:8      | Reached skill level 3 in Unarmed Combat
    59 | D:8      | Noticed a killer bee
    61 | D:8      | Noticed a killer bee
    70 | D:8      | Killed a killer bee
    70 | D:8      | Reached skill level 4 in Unarmed Combat
    70 | D:8      | Reached XP level 3. HP: 26/36 MP: 2/2
    72 | D:8      | Noticed a killer bee
    80 | D:8      | Killed a killer bee
    80 | D:8      | Reached XP level 4. HP: 9/44 MP: 3/3
    85 | D:8      | Slain by a killer bee

Illustrated notes

Levels and vault maps discovered:
D:5:      corexii_shack_village, layout_loops_ring, minmay_temple_entry_wispy,
          serial_shops, shop, st_stairs_4, corexii_checkpoint_a
D:8:      layout_layer_cave, grunt_dithmenos_smoke_and_mirrors,
          lair_entry_dummy, special_room [special_room_orc],
          nicolae_gozag_zags_fifth_avenue

Skill      XL: |  1  2 |
---------------+-------+-----
Unarmed Combat | 4 |  4.9
Fighting       | |  2.4
Dodging        | |  1.5
Stealth        | |  2.7

Action                   |  1- 3 |  4- 6 || total
-------------------------+-------+-------++-------
Melee: Unarmed           |    31 |     5 ||    36
  Use: Scroll            |     1 |       ||     1
       Potion            |     1 |       ||     1
Armor: Robe              |     3 |     2 ||     5
Dodge: Dodged            |    22 |     1 ||    23

Table legend: (Time is in decaauts)
 A = Elapsed time spent in this place.
 B = Non-inter-level travel time spent in this place.
 C = Inter-level travel time spent in this place.
 D = Time resting spent in this place.
 E = Time spent auto-exploring this place.
 F = Levels seen in this place.
 G = Mean time per level.
                   A        B        C        D        E       F      G
               +--------+--------+--------+--------+--------+-----+--------+
         Total |     76 |     76 |      0 |      0 |     35 |   2 |   38.0 |
       Dungeon |     76 |     76 |      0 |      0 |     35 |   2 |   38.0 |
               +--------+--------+--------+--------+--------+-----+--------+

Top non-repeatable levels by time:
     D:5: 52 daAuts
     D:8: 24 daAuts
